 Dungeon Crawl Stone Soup version 0.17.1-3-g152610e (webtiles) character file.

327 GFox the Shield-Bearer (level 6, -8/56 HPs)
             Began as a Deep Dwarf Fighter on Mar 21, 2016.
             Mangled by an ogre
             ... wielding a +0 giant spiked club
              (22 damage)
             ... on level 4 of the Dungeon.
             The game lasted 00:22:40 (1997 turns).

GFox the Shield-Bearer (Deep Dwarf Fighter)         Turns: 1997, Time: 00:22:40

Health: -8/56      AC:  8    Str: 20    XL:     6   Next: 24%
Magic:  6/6        EV:  9    Int: 10    God:    Xom [..*...]
Gold:   188        SH: 10    Dex: 12    Spells: 0 memorised, 5 levels left

rFire  . . .     SeeInvis .     a - +1 long sword
rCold  . . .     Clarity  .     b - +1 scale mail
rNeg   + . .     SustAt   .     c - +0 shield
rPois  .         Gourm    .     (no helmet)
rElec  .         Spirit   .     (no cloak)
rCorr  .         Warding  .     (no gloves)
rMut   .         Stasis   .     (no boots)
MR     .....                    (no amulet)
Stlth  ..........               o - ring of positive energy
                                m - ring of wizardry

@: non-regenerating, not resistant to hostile enchantments, extremely unstealthy
A: damage resistance, recharge devices, sense surroundings 1, slow regeneration
3
a: Device Recharging, Renounce Religion


You were on level 4 of the Dungeon.
You worshipped Xom.
You were a toy of Xom.
You were not hungry.

You visited 1 branch of the dungeon, and saw 4 of its levels.

You collected 188 gold pieces.

Inventory:

Hand Weapons
 a - a +1 long sword (weapon)
Armour
 b - a +1 scale mail (worn)
 c - a +0 shield (worn)
Jewellery
 i - a +3 ring of intelligence {unknown}
 m - a ring of wizardry (left hand)
 o - a ring of positive energy (right hand)
Wands
 e - a wand of heal wounds (5)
 h - a wand of digging (16)
Scrolls
 j - a scroll of remove curse
 l - 4 scrolls of teleportation
Potions
 d - a potion of might
 g - 2 potions of heal wounds
 n - 2 potions of curing
Comestibles
 f - 3 bread rations
 k - 3 meat rations
 p - 7 chunks of flesh


   Skills:
 + Level 3.4 Fighting
 + Level 2.8 Long Blades
 + Level 4.6 Armour
 + Level 3.1 Dodging
 + Level 0.3 Stealth
 + Level 4.9 Shields


You had 5 spell levels left.
You didn't know any spells.

Dungeon Overview and Level Annotations

Branches:
Dungeon (4/15)
 Temple: D:4-7

Altars:
Kikubaaqudgha
Makhleb
Xom


Innate Abilities, Weirdness & Mutations

You are resistant to damage.
You can recharge devices by infusing magical energy.
You passively map a small area around you.
You do not regenerate naturally.


Message History

You kill the worker ant!
You see here a worker ant corpse.
You butcher the worker ant corpse.
p - 7 chunks of flesh (gained 1)
You are no longer poisoned.
Found a stone staircase leading down.
A giant gecko comes into view.
An ogre comes into view. It is wielding a giant spiked club.
The ogre shouts!
Found a rapier.
Your shield and scale mail prevent you from hitting the giant gecko.
The giant gecko bites you.
* * * LOW HITPOINT WARNING * * *
You slash the giant gecko!
You kill the giant gecko!
You completely miss the ogre. The ogre closely misses you.
You barely miss the ogre.
The ogre hits you with a giant spiked club!!
You die...
Xom titters!

, , ###.########........# ,
#............#...## , ,
####...........### , ,*
#.....<..>.##
#..........######## ,
,,..######........#.##......
...>......................
).........................
...#....O@...####......... ,
#....####### ####...... ,
*#..... ** ###.### ......O,
#...... ##.....,** #......
##....* #...... ##..#* * ***
####### ≈ * ** * *** * *


You could see an ogre.

Vanquished Creatures
  Blork the orc (D:4)
  A scorpion (D:4)
  Jessica (D:3)
  2 worker ants (D:4)
  6 adders
  An ooze (D:3)
  2 worms
  2 giant geckos
  7 orcs (D:3)
  5 bats
  7 giant cockroaches
  7 goblins
  12 hobgoblins
  4 jackals (D:1)
  10 kobolds
  2 quokkas (D:4)
  A ball python (D:3)
  A giant newt (D:2)
  9 rats
81 creatures vanquished.

Notes
Turn   | Place    | Note
--------------------------------------------------------------
     0 | D:1      | GFox the Deep Dwarf Fighter began the quest for the Orb.
     0 | D:1      | Reached XP level 1. HP: 20/20 MP: 1/1
   121 | D:1      | Reached XP level 2. HP: 16/27 MP: 2/2
   604 | D:2      | Reached XP level 3. HP: 19/34 MP: 3/3
   712 | D:2      | Found a burning altar of Makhleb.
   718 | D:2      | Found an ancient bone altar of Kikubaaqudgha.
   725 | D:2      | Reached skill level 1 in Dodging
   733 | D:2      | Found a shimmering altar of Xom.
   737 | D:2      | Became a worshipper of Xom of Chaos
   787 | D:2      | XOM: silly message
   922 | D:2      | XOM: harmless Fire miscast
  1038 | D:2      | XOM: divination: magic mapping
  1168 | D:2      | Reached XP level 4. HP: 13/42 MP: 4/4
  1181 | D:2      | XOM: silly message
  1242 | D:2      | XOM: scenery: 1 doors close
  1380 | D:2      | Reached skill level 4 in Armour
  1450 | D:3      | XOM: confuse monster(s)
  1503 | D:3      | Noticed Jessica
  1510 | D:3      | XOM: potion effect (heal wounds)
  1512 | D:3      | Killed Jessica
  1599 | D:3      | Reached XP level 5. HP: 40/49 MP: 5/5
  1669 | D:3      | XOM: divination: detect creatures
  1859 | D:3      | XOM is BORED!
  1859 | D:3      | XOM: mild Hex miscast
  1901 | D:4      | Noticed Blork the orc
  1916 | D:4      | Killed Blork the orc
  1943 | D:4      | Reached XP level 6. HP: 22/56 MP: 6/6
  1956 | D:4      | XOM: confusion (+ monsters)
  1957 | D:4      | XOM: divination: magic mapping
  1991 | D:4      | Noticed an ogre
  1997 | D:4      | Mangled by an ogre

Action                   |  1- 3 |  4- 6 || total
-------------------------+-------+-------++-------
Melee: Long sword        |   187 |   132 ||   319
  Use: Scroll            |       |     8 ||     8
       Potion            |       |     4 ||     4
  Eat: Chunk             |     1 |     3 ||     4
